[Event "Karel Janecek Open 2025"]
[Site "Prague"]
[Date "2025.03.02"]
[Round "4.11"]
[White "Gloeckler, Christian"]
[Black "Vetoshko, Volodymyr"]
[Result "1/2-1/2"]
[Annotator "ChessBase"]
[ECO "C70"]
[WhiteElo "2334"]
[BlackElo "2529"]
[PlyCount "75"]
[EventDate "2025.02.21"]
[EventType "swiss"]
[EventCountry "CZE"]
[SourceTitle "playchess.com"]
[Source "ChessBase"]
[SourceQuality "1"]
[TimeControl "40/5400+30:1800+30"]

1. e4 e5 2. Nf3 Nc6 3. Bb5 a6 4. Ba4 Nge7 5. Nc3 d6 6. d4 b5 7. Bb3 Nxd4 8. Nxd4 exd4 9. Qh5 Ng6 10. Bd5 Ra7 11. Ne2 c5 12. O-O Ne5 13. h3 g6 14. Qg5 Qxg5 15. Bxg5 Bg7 16. a4 b4 17. f4 Nd7 18. f5 gxf5 19. Ng3 Nb6 20. Bc6+ Bd7 21. Nxf5 Be5 22. a5 Bxc6 23. axb6 Rb7 24. Bf4 Kd7 25. Bxe5 dxe5 26. Nh6 Ke6 27. Ng4 Bxe4 28. Rf6+ Ke7 29. Raf1 Bd5 30. Nxe5 Rg8 31. g4 h5 32. Kh2 hxg4 33. hxg4 Rgb8 34. R6f5 Rxb6 35. Nxf7 Bxf7 36. Rxf7+ Kd6 37. b3 Re8 38. g5 1/2-1/2

[Event "Karel Janecek Open 2025"]
[Site "Prague"]
[Date "2025.03.02"]
[Round "4.12"]
[White "Stevik, Patrik"]
[Black "Popovic, Dusan"]
[Result "0-1"]
[Annotator "ChessBase"]
[ECO "E68"]
[WhiteElo "2331"]
[BlackElo "2494"]
[PlyCount "80"]
[EventDate "2025.02.21"]
[EventType "swiss"]
[EventCountry "CZE"]
[SourceTitle "playchess.com"]
[Source "ChessBase"]
[SourceQuality "1"]
[TimeControl "40/5400+30:1800+30"]

1. Nf3 d6 2. d4 Nf6 3. c4 g6 4. Nc3 Bg7 5. g3 O-O 6. Bg2 Nbd7 7. O-O e5 8. e4 Re8 9. Re1 b6 10. b3 exd4 11. Nxd4 Bb7 12. Bb2 a6 13. f3 c6 14. Qc2 b5 15. Rad1 Qb6 16. cxb5 axb5 17. Kh1 d5 18. a4 b4 19. Nb1 dxe4 20. fxe4 Rad8 21. h3 Nh5 22. Kh2 Nxg3 23. Kxg3 Be5+ 24. Kf2 Nf8 25. a5 Qa7 26. Qc4 Qxa5 27. Kg1 c5 28. Rf1 Re7 29. Nc6 Bxc6 30. Rxd8 Bxb2 31. Rd6 Bb7 32. Qc2 Bd4+ 33. Kh1 Qc7 34. e5 Rxe5 35. Rdf6 Re3 36. R6f3 Bxf3 37. Bxf3 Qg3 38. Bg2 Be5 39. Kg1 Qh2+ 40. Kf2 Bd4 0-1

[Event "Karel Janecek Open 2025"]
[Site "Prague"]
[Date "2025.03.02"]
[Round "4.13"]
[White "Ghazarian, Kirk"]
[Black "Kulhanek, Tomas"]
[Result "1-0"]
[Annotator "ChessBase"]
[ECO "E11"]
[WhiteElo "2493"]
[BlackElo "2320"]
[PlyCount "81"]
[EventDate "2025.02.21"]
[EventType "swiss"]
[EventCountry "CZE"]
[SourceTitle "playchess.com"]
[Source "ChessBase"]
[SourceQuality "1"]
[TimeControl "40/5400+30:1800+30"]

1. d4 Nf6 2. c4 e6 3. Nf3 Bb4+ 4. Bd2 a5 5. a3 Bxd2+ 6. Qxd2 b6 7. Nc3 Bb7 8. e3 Ne4 9. Nxe4 Bxe4 10. Bd3 Bxd3 11. Qxd3 O-O 12. h4 d5 13. Rc1 c6 14. Ng5 g6 15. f4 Qf6 16. h5 h6 17. Nf3 Qf5 18. Kd2 dxc4 19. Rxc4 Qg4 20. Rh2 b5 21. Rc1 g5 22. fxg5 hxg5 23. h6 Qg3 24. Qf1 Nd7 25. Rh5 f6 26. Rxc6 Rac8 27. Rh3 Qg4 28. Rxc8 Rxc8 29. Ne1 a4 30. Qxb5 Nc5 31. dxc5 Rd8+ 32. Kc3 Qd1 33. Nd3 g4 34. h7+ Kh8 35. Rh6 e5 36. Rxf6 e4 37. Rd6 Rf8 38. Qc4 exd3 39. Qd4+ Kxh7 40. Qxd3+ Qxd3+ 41. Kxd3 1-0

[Event "Karel Janecek Open 2025"]
[Site "Prague"]
[Date "2025.03.02"]
[Round "4.14"]
[White "Isik, Alparslan"]
[Black "Knudsen, Simon"]
[Result "1-0"]
[Annotator "ChessBase"]
[ECO "A40"]
[WhiteElo "2477"]
[BlackElo "2312"]
[PlyCount "69"]
[EventDate "2025.02.21"]
[EventType "swiss"]
[EventCountry "CZE"]
[SourceTitle "playchess.com"]
[Source "ChessBase"]
[SourceQuality "1"]
[TimeControl "40/5400+30:1800+30"]

1. Nf3 g6 2. c4 Bg7 3. Nc3 e6 4. d4 Ne7 5. h4 h6 6. Bf4 d6 7. e4 b6 8. Bd3 Bb7 9. Qd2 Nbc6 10. d5 Ne5 11. Nxe5 dxe5 12. Be3 exd5 13. cxd5 c6 14. O-O-O cxd5 15. Bb5+ Kf8 16. exd5 Nf5 17. Ne2 Kg8 18. Kb1 Nd6 19. Bc6 Rc8 20. Bxb7 Nxb7 21. h5 g5 22. d6 Qd7 23. g4 Qxg4 24. d7 Rd8 25. Ng3 Bf8 26. Qd5 Nd6 27. Qxe5 Rxd7 28. Rd4 Qf3 29. Rc1 Rh7 30. Ne4 Nxe4 31. Rxd7 Nxf2 32. Bxf2 Qxf2 33. Rd8 f6 34. Rxf8+ Kxf8 35. Rc8+ 1-0

[Event "Karel Janecek Open 2025"]
[Site "Prague"]
[Date "2025.03.02"]
[Round "4.15"]
[White "Agmanov, Zhandos"]
[Black "Radeva, Viktoria"]
[Result "1-0"]
[Annotator "ChessBase"]
[ECO "C42"]
[WhiteElo "2469"]
[BlackElo "2303"]
[PlyCount "115"]
[EventDate "2025.02.21"]
[EventType "swiss"]
[EventCountry "CZE"]
[SourceTitle "playchess.com"]
[Source "ChessBase"]
[SourceQuality "1"]
[TimeControl "40/5400+30:1800+30"]

1. e4 e5 2. Nf3 Nf6 3. Nxe5 d6 4. Nf3 Nxe4 5. Bd3 Nf6 6. O-O Be7 7. Re1 O-O 8. Bf1 d5 9. d4 Nc6 10. Ne5 Nxe5 11. dxe5 Ne4 12. Be3 Bf5 13. Bd3 Bg6 14. Nd2 Re8 15. Nxe4 dxe4 16. Bc4 Bf8 17. Bf4 c6 18. Qe2 Qb6 19. c3 Rad8 20. h4 h5 21. b4 Be7 22. Bg3 a5 23. a3 Kh7 24. Kh2 Qa7 25. f4 exf3 26. Qxf3 Rf8 27. Rad1 axb4 28. axb4 b5 29. Rxd8 Bxd8 30. Bd3 Bxd3 31. Qxd3+ Kg8 32. Qf3 c5 33. Bf2 Bb6 34. Qc6 Qa2 35. Bg3 Qe6 36. Qxb5 cxb4 37. cxb4 Rd8 38. Rc1 Be3 39. Rc6 Qg4 40. Rd6 Rc8 41. Rc6 Rd8 42. Rd6 Rc8 43. Qf1 Qxb4 44. Qf3 Qc3 45. e6 fxe6 46. Rxe6 Bd2 47. Qd5 Kh8 48. Qxh5+ Kg8 49. Qd5 Kh8 50. Be5 Qc4 51. Bxg7+ Kxg7 52. Qe5+ Kg8 53. Rg6+ Kf8 54. Qf5+ Ke8 55. Re6+ Kd8 56. Qf8+ Kc7 57. Qe7+ Kb8 58. Rb6+ 1-0

[Event "Karel Janecek Open 2025"]
[Site "Prague"]
[Date "2025.03.02"]
[Round "4.16"]
[White "Simek, Petr"]
[Black "Urazayev, Arystanbek"]
[Result "1/2-1/2"]
[Annotator "ChessBase"]
[ECO "E08"]
[WhiteElo "2322"]
[BlackElo "2467"]
[PlyCount "44"]
[EventDate "2025.02.21"]
[EventType "swiss"]
[EventCountry "CZE"]
[SourceTitle "playchess.com"]
[Source "ChessBase"]
[SourceQuality "1"]
[TimeControl "40/5400+30:1800+30"]

1. d4 Nf6 2. c4 e6 3. Nf3 d5 4. g3 Bb4+ 5. Bd2 Be7 6. Bg2 O-O 7. O-O Nbd7 8. Qc2 c6 9. Bf4 a5 10. Rd1 h6 11. Nc3 b6 12. Ne5 Nxe5 13. dxe5 Nd7 14. cxd5 cxd5 15. Bxh6 gxh6 16. Nxd5 Ra7 17. Qxc8 exd5 18. Qc1 Qc7 19. Qxh6 Qxe5 20. Rxd5 Qf6 21. Qh5 Rd8 22. Rad1 Nc5 1/2-1/2

[Event "Karel Janecek Open 2025"]
[Site "Prague"]
[Date "2025.03.03"]
[Round "5.1"]
[White "Beerdsen, Thomas"]
[Black "Ioannidis, Evgenios"]
[Result "1/2-1/2"]
[Annotator "TA"]
[ECO "C78"]
[WhiteElo "2511"]
[BlackElo "2484"]
[PlyCount "39"]
[EventDate "2025.02.21"]
[EventType "swiss"]
[EventCountry "CZE"]
[SourceTitle "playchess.com"]
[Source "ChessBase"]
[SourceQuality "1"]
[TimeControl "40/5400+30:1800+30"]

1. e4 e5 2. Nf3 Nc6 3. Bb5 a6 4. Ba4 Nf6 5. O-O b5 6. Bb3 Bc5 7. Nxe5 Nxe5 8. d4 Bxd4 9. Qxd4 d6 10. f4 Nc6 {[%emt 0:00:14] The position is equal. 10...c5 is vanishing. C78: Ruy Lopez: Archangelsk and Möller Defences.} 11. Qc3 Ne7 12. e5 Ne4 13. Qf3 {[%emt 0:11:58] [#]} Bb7 $1 14. Nc3 Nc5 {[%emt 0:00:46] Excellent horsemanship.} 15. Qg4 Nxb3 16. cxb3 $146 (16. axb3 Qd7 17. Qxd7+ Kxd7 18. exd6 cxd6 19. Ne2 Rhe8 20. Kf2 h5 21. Nd4 Nd5 22. Rd1 {½-½ Georgakopoulos,N (2110)-Skaperdas,K (2060) GRE-chT 51st 2024 (3.4)}) 16... dxe5 17. fxe5 ({Of course not} 17. Rd1 Qc8 18. Qxc8+ Rxc8 $15) 17... O-O 18. Bg5 {[%emt 0:04:04] [#] and Bf6 should not be overlooked} Qc8 19. e6 Ng6 20. Rxf7 {[%emt 0:00:25] An uneventful encounter.   Weighted Error Value: White=0.06 (flawless) /Black=0.02 (flawless)   OK:         	White=4     	Black=4      Strong:       	---       	Black=1} 1/2-1/2

[Event "Karel Janecek Open 2025"]
[Site "Prague"]
[Date "2025.03.03"]
[Round "5.2"]
[White "Vykouk, Jan"]
[Black "Raja Rithvik R"]
[Result "0-1"]
[Annotator "TA"]
[ECO "B90"]
[WhiteElo "2478"]
[BlackElo "2522"]
[PlyCount "82"]
[EventDate "2025.02.21"]
[EventType "swiss"]
[EventCountry "CZE"]
[SourceTitle "playchess.com"]
[Source "ChessBase"]
[SourceQuality "1"]
[TimeControl "40/5400+30:1800+30"]

1. e4 c5 2. Nf3 d6 3. d4 cxd4 4. Nxd4 Nf6 5. Nc3 a6 6. h3 b5 7. a4 {[%emt 0:00:06] B90: Sicilian Najdorf: Unusual White 6th moves, 6 Be3 Ng4 and 6 Be3 e5.} b4 8. Nd5 e6 9. Nxf6+ {[%emt 0:01:56] The position is equal.} Qxf6 10. Be3 Bb7 11. Qd2 Bxe4 12. Qxb4 Qe7 13. Qd2 $146 (13. Nb3 $11 d5 14. Qc3) ({Predecessor:} 13. f3 Bb7 14. Qd2 Qc7 15. Bd3 Be7 16. O-O Nd7 17. c4 Ne5 18. Be2 O-O 19. Rac1 {½-½ Simal Moreira,L (2402)-Laube,B (2397) W-ch WS/SIM/B/02 email 2019}) 13... Qb7 $15 14. f3 Bg6 15. h4 {[%emt 0:02:16] and h5 would now be decisive} h5 16. Bd3 Bxd3 17. Qxd3 Nd7 18. b3 Be7 19. Bg5 Ne5 20. Qd2 O-O 21. Bxe7 Qxe7 22. Qg5 Qc7 23. Rd1 Qc3+ {[%emt 0:09:23] Black attacks} 24. Kf2 Rac8 25. Qe3 Rc7 26. Qxc3 Rxc3 27. Rhe1 Rfc8 28. Re3 R3c7 29. Ne2 (29. c4 $5) 29... Rxc2 30. Rxd6 Ng6 31. Re4 (31. Kg3 $15) 31... Rb2 $17 32. Rxa6 Rcc2 $1 {[%emt 0:03:49] Black is more active.} 33. g3 {[%emt 0:01:02] [#] Repels Nf4. Loses the game.} (33. Kf1 $17) 33... Ne7 $1 $19 (33... Rxb3 34. Ra8+ Nf8 35. g4 $15) 34. Ra8+ Kh7 35. Ra7 {[%emt 0:00:15] [#]} Nd5 {[%emt 0:01:02] Threatens to win with ...Nc3.} 36. Rxf7 $2 (36. Kf1 Rb1+ (36... Rxb3 37. Rxf7 Kg8 38. Ra7 $11) 37. Kg2) 36... Nc3 (36... Rxb3 37. Rxe6 Nb4 38. g4 hxg4 39. Re4 $11 (39. fxg4 Nd3+ 40. Kg2 Rc4 $11)) 37. Rxe6 Nxe2 ({Weaker is} 37... Rxe2+ 38. Rxe2 Nxe2 39. Rc7 $17) 38. Rd6 Rxb3 {[%emt 0:01:13] ( -> ...Nd4+)} 39. g4 hxg4 {[%emt 0:02:28] ( -> ...g3+)} 40. Rdd7 Rxf3+ $2 (40... gxf3 41. Rxg7+ Kh6 42. Rh7+ Kg6 43. Rdg7+ Kf6) 41. Rxf3 Nc3+ {[%emt 0:30:04] Weighted Error Value: White=0.56/Black=0.17 (very precise)   Mistake:       	White=4     	---        Inaccurate:     	White=4     	Black=2      OK:         	White=9     	Black=12     Best:        	White=2     	Black=3      Strong:       	---       	Black=2} ({But not} 41... gxf3 42. Kxf3 Ra2 43. Ra7) 0-1

[Event "Karel Janecek Open 2025"]
[Site "Prague"]
[Date "2025.03.03"]
[Round "5.3"]
[White "Pechac, Jergus"]
[Black "Stork, Oliver"]
[Result "1-0"]
[Annotator "TA"]
[ECO "A45"]
[WhiteElo "2603"]
[BlackElo "2395"]
[PlyCount "93"]
[EventDate "2025.02.21"]
[EventType "swiss"]
[EventCountry "CZE"]
[SourceTitle "playchess.com"]
[Source "ChessBase"]
[SourceQuality "1"]
[TimeControl "40/5400+30:1800+30"]

1. d4 Nf6 2. Bg5 e6 3. e3 b6 4. Qf3 d5 5. Nd2 Be7 6. Bd3 {[%emt 0:04:39] A45: Trompowsky Attack.} c5 7. c3 Bb7 $146 (7... cxd4 8. exd4 O-O 9. g4 Nc6 10. Qh3 g6 11. Ngf3 e5 12. dxe5 Nxg4 13. Qh4 Bxg5 14. Nxg5 {0-1 Seibert,M (1906)-Dahlhaus,F (2161) Ruhrgebiet VK3 0708 2007 (5.3)}) 8. Qh3 {[%emt 0:07:16] The position is equal.} Nbd7 9. f4 Ne4 10. Bxe7 Qxe7 11. Ngf3 O-O 12. O-O Ndf6 13. Rad1 a5 14. Rfe1 Nxd2 15. Rxd2 Ne4 {[%emt 0:00:05] [#]} 16. Ne5 f6 $11 17. Bxe4 dxe4 18. Nc4 b5 (18... cxd4 19. Rxd4 Rab8 20. Red1 $11 (20. Nxb6 Bc6 $14)) 19. Na3 b4 20. Nc4 Ra6 21. Qh5 (21. Rc2 $15) 21... Bd5 $17 22. Qe2 Rc8 ({Black should play} 22... bxc3 $1 $17 23. bxc3 cxd4 24. Rxd4 Rc6) 23. Rc1 $15 Qa7 24. Rdc2 Rac6 25. dxc5 Rxc5 26. Nd6 R8c6 27. Nb5 {[%emt 0:00:05] [#]} Rxb5 28. Qxb5 $16 Qxe3+ 29. Kh1 bxc3 (29... Qxf4 $2 30. c4 Kf7 31. h3 $18 (31. cxd5 $2 Qxc1+ 32. Rxc1 Rxc1+) (31. Qxa5 Rxc4 32. Rxc4 Bxc4 $18)) (29... h6 $1 $14) 30. bxc3 h6 {[%emt 0:01:43] [#]} (30... Qxf4 31. c4 Rc8 32. Qd7 $11 (32. cxd5 $2 Qxc1+ 33. Rxc1 Rxc1+)) 31. f5 ({White should try} 31. c4 $1 $16 {Black must now prevent h3.} Rc5 32. Qb1) 31... Rb6 $2 {[%emt 0:00:55] Black is now going downhill.} (31... Rc5 $1 $11 {and Black stays safe.} 32. Qe8+ Kh7 33. Qg6+ (33. fxe6 Bc4 $11) 33... Kh8) 32. Qe8+ $18 (32. Qxa5 Bc4) 32... Kh7 33. c4 Rb2 (33... Qd3 $142) 34. Qg6+ (34. fxe6 Rxc2 35. Rd1 Qf2 (35... Bxc4 $2 36. Qa4 $19) (35... Rc1 36. Qg8+ Kxg8 37. h4 Rxd1+ 38. Kh2 Qf4+ 39. g3 Qf3 40. cxd5 Qh1#)) 34... Kh8 35. Qg3 Qd4 {[%emt 0:00:57] [#] ...Rxc2 is the strong threat.} 36. Rxb2 (36. cxd5 $2 {too greedy.} Rxc2 (36... exf5 37. Rc8+ Kh7 38. R8c7) 37. Rb1 (37. Qb8+ $2 Kh7 $19) 37... Qb4 (37... Rxa2 38. Rb8+ Kh7 39. Qg6#) (37... exf5 $2 38. Qg6 $19) 38. Qb8+ (38. Rxb4 $2 {gets mated.} Rc1+) 38... Qxb8 39. Rxb8+ Kh7 $19) 36... Qxb2 37. Qc3 Qxc3 38. Rxc3 {[%emt 0:00:01][%mdl 4096] Endgame KR-KB} Bc6 39. fxe6 a4 {[%emt 0:00:45] Dodges Rb3} 40. Rc1 Kg8 41. Rb1 Kf8 42. Kg1 Ke7 43. Rb6 {[%emt 0:00:00] White is clearly winning.} Be8 44. Kf2 f5 45. Ke3 g5 46. Kd4 Kf6 47. c5 {[%emt 0:00:00] Weighted Error Value: White=0.10 (very precise) /Black=0.39  Loses game:     	---       	Black=1      Mistake:       	White=3     	Black=4      Inaccurate:     	---       	Black=4      OK:         	White=23    	Black=14     Best:        	White=3     	Black=4} 1-0

[Event "Karel Janecek Open 2025"]
[Site "Prague"]
[Date "2025.03.03"]
[Round "5.5"]
[White "Popovic, Dusan"]
[Black "Druska, Juraj"]
[Result "1/2-1/2"]
[Annotator "TA"]
[WhiteElo "2494"]
[BlackElo "2442"]
[PlyCount "40"]
[EventDate "2025.02.21"]
[EventType "swiss"]
[EventCountry "CZE"]
[SourceTitle "playchess.com"]
[Source "ChessBase"]
[SourceQuality "1"]
[TimeControl "40/5400+30:1800+30"]

1. Nf3 d5 2. g3 Nd7 3. Bg2 e5 4. d3 Ngf6 5. O-O Be7 6. c4 {[%emt 0:01:49] A54: Old Indian Defence with Nf3, but without e4.} dxc4 7. dxc4 O-O 8. Qc2 c6 9. b3 {[%emt 0:03:50] A rather calm draw.   Weighted Error Value: White=0.00 (flawless) /Black=0.03 (flawless)   OK:         	White=2     	Black=2      Best:        	---       	Black=1} Re8 $146 10. Bb2 Bf8 11. Nc3 Qc7 12. Rad1 a5 13. Ng5 h6 14. Nge4 Nxe4 15. Nxe4 Nc5 16. Bc3 f5 17. Nxc5 Bxc5 18. Qb2 e4 19. e3 Be6 20. Rd2 Rad8 {½-½ Stanciu,A (2373)-Lupulescu,C (2581) Sebes GP op 2023 (5)} 1/2-1/2

[Event "Karel Janecek Open 2025"]
[Site "Prague"]
[Date "2025.03.03"]
[Round "5.6"]
[White "Neuman, Petr"]
[Black "Ghazarian, Kirk"]
[Result "1/2-1/2"]
[Annotator "TA"]
[ECO "E35"]
[WhiteElo "2436"]
[BlackElo "2493"]
[PlyCount "27"]
[EventDate "2025.02.21"]
[EventType "swiss"]
[EventCountry "CZE"]
[SourceTitle "playchess.com"]
[Source "ChessBase"]
[SourceQuality "1"]
[TimeControl "40/5400+30:1800+30"]

1. d4 Nf6 2. c4 e6 3. Nc3 Bb4 4. Qc2 d5 5. cxd5 exd5 6. Bg5 h6 7. Bxf6 Qxf6 8. a3 Bxc3+ 9. Qxc3 {[%emt 0:00:04] The position is equal.} Nc6 {[%emt 0:01:56] E35: Nimzo-Indian: Classical: 4...d5 5 cxd5 exd5.} 10. e3 O-O 11. Nf3 Bg4 12. Be2 Rfc8 $146 (12... Qd6 13. Rc1 Rac8 14. O-O Ne7 15. Qc5 Qxc5 16. Rxc5 c6 17. Rfc1 Nf5 18. b4 Nd6 19. a4 a6 20. Bd3 f6 {½-½ Rakhimzhan,A (2354)-Stupak,K (2529) Kazakhstan Cup 2019 (4)}) 13. O-O Ne7 14. Rac1 {[%emt 0:00:24] Not much happened in this game.   Weighted Error Value: White=0.00 (flawless) /Black=0.05 (flawless)   Inaccurate:     	White=1     	---        OK:         	White=3     	Black=2} 1/2-1/2

[Event "Karel Janecek Open 2025"]
[Site "Prague"]
[Date "2025.03.03"]
[Round "5.7"]
[White "Eren, Ataberk"]
[Black "Isik, Alparslan"]
[Result "1/2-1/2"]
[Annotator "TA"]
[WhiteElo "2402"]
[BlackElo "2477"]
[PlyCount "19"]
[EventDate "2025.02.21"]
[EventType "swiss"]
[EventCountry "CZE"]
[SourceTitle "playchess.com"]
[Source "ChessBase"]
[SourceQuality "1"]
[TimeControl "40/5400+30:1800+30"]

1. e4 c5 2. Nf3 d6 3. d4 cxd4 4. Nxd4 Nf6 5. Nc3 a6 6. Be3 Ng4 $146 (6... e5 7. Nf3 Nc6 8. Bc4 Be6 9. Nd5 Rc8 10. Nxf6+ gxf6 11. Bxe6 fxe6 12. c4 f5 13. exf5 exf5 14. Qd5 Qd7 15. b3 Ne7 16. Qd1 f4 {0-1 Firouzja,A (2760)-Caruana,F (2803) Chessable Masters Winners rapid 2025 (2.4)}) 7. Bc1 Nf6 8. Be3 Ng4 {[%emt 0:00:04] 8...Be6 gains popularity. B90: Sicilian Najdorf: Unusual White 6th moves, 6 Be3 Ng4 and 6 Be3 e5.} 9. Bc1 Nf6 10. Be3 {[%emt 0:00:10] Not much happened in this game.   Weighted Error Value: White=0.43/Black=0.00 (flawless)   Inaccurate:     	White=2     	---        Best:        	---       	Black=1} 1/2-1/2

[Event "Karel Janecek Open 2025"]
[Site "Prague"]
[Date "2025.03.03"]
[Round "5.8"]
[White "Haring, Filip"]
[Black "Sofronie, Iulian"]
[Result "0-1"]
[Annotator "ChessBase"]
[ECO "C78"]
[WhiteElo "2470"]
[BlackElo "2380"]
[PlyCount "100"]
[EventDate "2025.02.21"]
[EventType "swiss"]
[EventCountry "CZE"]
[SourceTitle "playchess.com"]
[Source "ChessBase"]
[SourceQuality "1"]
[TimeControl "40/5400+30:1800+30"]

1. e4 e5 2. Nf3 Nc6 3. Bb5 a6 4. Ba4 Nf6 5. O-O b5 6. Bb3 Bc5 7. c3 d6 8. a4 Rb8 9. d4 Bb6 10. a5 Ba7 11. h3 Bb7 12. Re1 O-O 13. Be3 exd4 14. cxd4 Nb4 15. d5 Bxe3 16. Rxe3 c5 17. Qd2 Re8 18. Nc3 c4 19. Bc2 Nxc2 20. Qxc2 Nd7 21. Ne2 Nc5 22. Ned4 Qf6 23. Rd1 g6 24. g3 Re7 25. Rde1 Rbe8 26. Kg2 Qg7 27. b3 f5 28. exf5 Rxe3 29. Rxe3 Rxe3 30. fxe3 Bxd5 31. bxc4 bxc4 32. g4 Nb3 33. Kf2 Nxd4 34. exd4 Qf6 35. Qb1 gxf5 36. g5 Qe7 37. Qb8+ Kg7 38. Qc8 f4 39. Nh4 Qe3+ 40. Kf1 Qd3+ 41. Ke1 Qg3+ 42. Kf1 Qxh4 43. Qf5 Bg2+ 44. Kxg2 Qg3+ 45. Kh1 Qe1+ 46. Kh2 Qd2+ 47. Kh1 Qxd4 48. Qd7+ Kg6 49. Qe6+ Kxg5 50. h4+ Kxh4 0-1

[Event "Karel Janecek Open 2025"]
[Site "Prague"]
[Date "2025.03.03"]
[Round "5.9"]
[White "Stinka, Jakub"]
[Black "Agmanov, Zhandos"]
[Result "1/2-1/2"]
[Annotator "TA"]
[ECO "E60"]
[WhiteElo "2377"]
[BlackElo "2469"]
[PlyCount "40"]
[EventDate "2025.02.21"]
[EventType "swiss"]
[EventCountry "CZE"]
[SourceTitle "playchess.com"]
[Source "ChessBase"]
[SourceQuality "1"]
[TimeControl "40/5400+30:1800+30"]

1. d4 Nf6 2. c4 g6 3. Nf3 Bg7 4. g3 O-O 5. Bg2 d6 6. O-O Bf5 7. Nc3 Ne4 8. Nxe4 {[%emt 0:01:03] E60: King's Indian: Unusual lines and Fianchetto Variation without Nc3.} Bxe4 9. Be3 c5 10. Qd2 Qb6 11. Rfd1 Nc6 $1 12. Rac1 Rfd8 $146 (12... e6 {is superior.}) ({Predecessor:} 12... cxd4 13. Nxd4 Bxg2 14. Kxg2 Nxd4 15. Bxd4 Bxd4 16. Qxd4 Qxd4 17. Rxd4 Rfc8 {½-½ Lutz,R (2311)-Braun,G (2381) GER-ch 95th Ostfildern 2024 (8)}) 13. d5 $11 Bxf3 14. Bxf3 Ne5 15. Be4 Qa6 16. b3 Qa3 ({Black should try} 16... b5 $11) 17. Bg5 Re8 18. h4 a5 {[%emt 0:05:00][%cal Ba7a5,Ba5a4,Ba4b3][%mdl 32] The position is equal.} 19. Kg2 a4 20. Rb1 axb3 {[%emt 0:07:01] Weighted Error Value: White=0.17 (very precise) /Black=0.13 (very precise)   Mistake:       	---       	Black=2      Inaccurate:     	White=3     	---        OK:         	White=4     	Black=7      Best:        	White=1     	---        Strong:       	---       	Black=1} 1/2-1/2

[Event "Karel Janecek Open 2025"]
[Site "Prague"]
[Date "2025.03.03"]
[Round "5.10"]
[White "Das, Arghyadip"]
[Black "Zhao, Yuanhe"]
[Result "0-1"]
[Annotator "ChessBase"]
[ECO "B34"]
[WhiteElo "2350"]
[BlackElo "2466"]
[PlyCount "120"]
[EventDate "2025.02.21"]
[EventType "swiss"]
[EventCountry "CZE"]
[SourceTitle "playchess.com"]
[Source "ChessBase"]
[SourceQuality "1"]
[TimeControl "40/5400+30:1800+30"]

1. e4 c5 2. Nf3 Nc6 3. d4 cxd4 4. Nxd4 g6 5. Nc3 Bg7 6. Nb3 Nf6 7. Be3 O-O 8. Qd2 a5 9. a4 d5 10. exd5 Nb4 11. Rd1 Bf5 12. Na1 Rc8 13. Be2 Bxc2 14. Rc1 Ne4 15. Nxe4 Bxe4 16. Rxc8 Qxc8 17. O-O Bxd5 18. Rc1 Qe6 19. Nc2 Bxb2 20. Rd1 Nxc2 21. Qxd5 Qxd5 22. Rxd5 Nxe3 23. fxe3 b6 24. Rb5 Bc1 25. Kf2 Rb8 26. Rb3 Bd2 27. Rd3 Bb4 28. Rd7 Rc8 29. Kf3 Rc2 30. Rb7 Bc5 31. Rd7 Kg7 32. Bb5 h5 33. h4 Bd6 34. Rb7 Rc3 35. Rd7 f5 36. g3 Kf6 37. Rd8 Bc5 38. Bd3 Ra3 39. e4 fxe4+ 40. Kxe4 Rxa4+ 41. Kf3 Rd4 42. Rxd4 Bxd4 43. Bb5 Bc3 44. Kf2 e5 45. Be8 e4 46. Bc6 Bd4+ 47. Ke2 e3 48. Kf3 Kg7 49. Bb5 Bc5 50. Be8 Bd6 51. Bb5 Kf6 52. Kg2 g5 53. hxg5+ Kxg5 54. Kf3 Bc5 55. Be8 h4 56. gxh4+ Kxh4 57. Bd7 Kg5 58. Ke2 Kf4 59. Bc6 Ke5 60. Kd3 Bd4 0-1